 Dungeon Crawl Stone Soup version 0.29.1-2-gbd0b4ee654 (webtiles) character file.

Game seed: 1203842331429174261

2106 mortz the Destroyer (level 9, -6/62 HPs)
             Began as a Pale Draconian Conjurer on Nov 21, 2022.
             Mangled by a skeletal warrior
             ... wielding a +1 vorpal halberd
              (8 damage)
             ... on level 7 of the Dungeon on Nov 22, 2022.
             The game lasted 00:46:25 (7620 turns).

mortz the Destroyer (Pale Draconian Conjurer)       Turns: 7620, Time: 00:46:27

Health: -6/62      AC: 12    Str:  9    XL:     9   Next: 7%
Magic:  7/26       EV: 12    Int: 24    God:
Gold:   240        SH:  5    Dex:  9    Spells: 9/18 levels left

rFire   . . .      SeeInvis .   a - +5 whip
rCold   . . .      Faith    .   (no shield)
rNeg    . . .      Spirit   .   (body armour unavailable)
rPois   .          Reflect  +   (helmet restricted)
rElec   .          Harm     .   j - -1 cloak of Ignis's Anger {Regen+ rCorr}
rCorr   +          Rampage  .   I - +1 Delatra's gloves {ID++}
Will    .....                   s - +2 pair of boots
Stlth   ++........              A - amulet of reflection
HPRegen 1.00/turn               e - ring of magical power
MPRegen 0.20/turn               i - ring of wizardry

@: no status effects
A: breathe steam, AC +7, unfitting armour, cold-blooded, steam resistance
a: Breathe Steam


You were on level 7 of the Dungeon.
You visited 2 branches of the dungeon, and saw 8 of its levels.

You collected 396 gold pieces.
You spent 156 gold pieces at shops.

Inventory:

Hand Weapons
 a - a +5 whip (weapon)
 b - a +0 hand axe of flaming
 d - a +0 dagger
 k - a +0 dagger of holy wrath
 v - a +0 falchion
 w - a +2 dagger of venom
 y - a +1 whip of freezing
 z - a +1 dagger of electrocution
 H - a +0 trident of flaming
Missiles
 q - 6 javelins
 K - 5 datura-tipped darts
 M - a throwing net
Armour
 j - the -1 cloak of Ignis's Anger (worn) {Regen+ rCorr}
   (You acquired it on level 3 of the Dungeon)

   Regen:     It increases your rate of health regeneration.
   rCorr:     It protects you from acid and corrosion.
 m - a +1 cloak of poison resistance
 s - a +2 pair of boots (worn)
 I - the +1 Delatra's gloves (worn) {ID++}
   (You bought it in a shop on level 4 of the Dungeon)

   It heals its wearer when they drink unknown potions.
   It restores its wearer's MP when they read unknown scrolls.
Jewellery
 e - a ring of magical power (left hand)
 i - a ring of wizardry (right hand)
 A - an amulet of reflection (around neck)
 B - a +4 ring of protection
Wands
 C - a wand of flame (18)
 N - a wand of charming (6)
 O - a wand of roots (13)
Scrolls
 h - 4 scrolls of fog
 l - 3 scrolls of teleportation
 o - 3 scrolls of fear {unknown}
 t - a scroll of brand weapon {unknown}
 x - a scroll of enchant weapon
 E - a scroll of magic mapping
 F - 2 scrolls of blinking {unknown}
 J - a scroll of summoning {unknown}
 P - a scroll of enchant armour
Potions
 c - a potion of lignification {unknown}
 f - 4 potions of curing
 g - a potion of magic
 n - 3 potions of might
 p - a potion of degeneration {unknown}
 r - 2 potions of ambrosia
 u - 2 potions of brilliance
 D - 3 potions of mutation
 G - a potion of haste {unknown}
 L - a potion of heal wounds {unknown}


   Skills:
 - Level 1.7 Dodging
 - Level 1.7 Stealth
 + Level 5.4 Spellcasting
 * Level 9.0 Conjurations
 * Level 6.7 Translocations


You had 9 spell levels left.
You knew the following spells:

 Your Spells              Type           Power      Damage    Failure   Level
a - Magic Dart            Conj           100%       1d8       1%          1
b - Searing Ray           Conj           100%       2d8       1%          2
c - Blink                 Tloc           76%        N/A       1%          2
I - Iskenderun's Mystic   Conj/Tloc      44%        2d10      1%          4

Your spell library contained the following spells:

 Spells                   Type           Power      Damage    Failure   Level
 Dazzling Flash           Conj/Hex       56%        N/A       1%          3
 Lesser Beckoning         Tloc           38%        N/A       1%          3
 Scorch                   Fire           12%        2d6       5%          2
 Flame Wave               Conj/Fire      28%        2d9       5%          4
 Fulminant Prism          Conj/Hex       14%        3d9       5%          4
 Manifold Assault         Tloc           38%        N/A       6%          5
 Summon Forest            Summ/Tloc      11%        N/A       24%         5
 Animate Dead             Necr           6%         N/A       32%         4
 Petrify                  Tmut/Erth      6%         N/A       32%         4
 Borgnjor's Vile Clutch   Necr/Erth      3%         N/A       65%         5
 Metabolic Englaciation   Hex/Ice        3%         N/A       65%         5
 Death Channel            Necr           3%         N/A       99%         6
 Eringya's Noxious Bog    Tmut/Pois      3%         N/A       99%         6
 Statue Form              Tmut/Erth      4%         N/A       99%         6
 Summon Cactus Giant      Summ           3%         N/A       99%         6
 Summon Hydra             Summ           3%         N/A       100%        7


Dungeon Overview and Level Annotations

Branches:
Dungeon (7/15) Zot: 25699  Temple (1/1) D:7 Zot: 5967

Altars:
Ashenzari
Cheibriados
Dithmenos
Elyvilon
Fedhas
Gozag
Nemelex Xobeh
Qazlal
Sif Muna
Trog
Wu Jian
Xom
Yredelemnul
Zin
The Shining One

Shops:
D:4 *

Annotations:
D:7 1 runed translucent door, 2 transporters, Crazy Yiuf; croobank's ghost, novice OpSu


Innate Abilities, Weirdness & Mutations

You can breathe blasts of scalding, opaque steam.
Your pale cyan-grey scales are hard. (AC +7)
You cannot fit into any form of body armour.
You are cold-blooded and may be slowed by cold attacks.
You are immune to the effects of steam.


Message History

Press: ? - help, Shift-Dir - straight line, f/p - skeletal warrior
Aim: a skeletal warrior, wielding a +1 vorpal halberd (lightly damaged, 71% to hit)
You exhale a blast of scalding steam.
Casting: Magic Dart (safe; 1% risk of failure)
Confirm with . or Enter, or press ? or * to list all spells.
Aiming: Searing Ray (safe; 1% risk of failure)
Press: ? - help, Shift-Dir - straight line, f - you (Press . to maintain the ray.)
The searing ray hits the skeletal warrior!
The skeletal warrior is severely damaged.
The searing ray misses the skeletal warrior.
You finish channelling your searing ray.
You have got your breath back.
The skeletal warrior hits you from afar with a +1 vorpal halberd!!
Press: ? - help, v - describe, . - travel The floor, spattered with blood.
Casting: Searing Ray (safe; 1% risk of failure)
Confirm with . or Enter, or press ? or * to list all spells.
You erupt in a blast of force!
The mystic blast hits the skeletal warrior!
The skeletal warrior is almost destroyed.
The skeletal warrior is knocked back by the mystic blast.
The magic dart hits the skeletal warrior but does no damage.
The skeletal warrior is almost destroyed.
The magic dart hits the skeletal warrior but does no damage.
The skeletal warrior is almost destroyed.
Casting: Magic Dart (safe; 1% risk of failure)
Confirm with . or Enter, or press ? or * to list all spells.
You erupt in a blast of force!
The mystic blast hits the skeletal warrior but does no damage.
The skeletal warrior is severely damaged.
The skeletal warrior hits you from afar with a +1 vorpal halberd!
Casting: Iskenderun's Mystic Blast (dangerous; 1% risk of failure)
Confirm with . or Enter, or press ? or * to list all spells.
You erupt in a blast of force!
The mystic blast hits the skeletal warrior but does no damage.
The skeletal warrior is severely damaged.
The skeletal warrior hits you from afar with a +1 vorpal halberd!!
* * * LOW HITPOINT WARNING * * *
You die...

#.......# ##...###...####.[....#
#.......###...........###......#
#.......##...#.....#...###.....#
#.......##.###..>..###.# #.....#
#....)[.#....#.....#...###......
#.<..z....#.....................
#.....).####...###...#####.....#
#.....).###.....#....# #.....#
######.......z.@#.[### #.>...#
####......#.....)## ####..####
###....#.####.###.## #.....# #
....###.......# #..#####.#.### #
######....##### ##.).......### #
###...#### ##..........####
##.....# #.....####.....
.....### #...).# ####..
......### ####### #..


You could see a skeletal warrior.

Vanquished Creatures
  A shadow (D:7)
  A steam dragon (D:7)
  A water moccasin (D:6)
  2 sky beasts
  An ogre (D:4)
  A phantom (D:7)
  2 bullfrogs
  3 howler monkeys
  3 jellies
  3 crimson imps (D:6)
  3 hounds
  5 orc priests
  A gnoll bouda (D:7)
  Jessica (D:3)
  5 orc wizards
  7 iguanas
  7 adders
  14 gnolls
  3 white imps
  An ufetubus (D:4)
  2 worms (D:4)
  A dart slug (D:5)
  22 orcs
  6 bats
  5 endoplasms
  6 giant cockroaches
  8 goblins
  3 hobgoblins
  5 quokkas
  6 ball pythons
  12 frilled lizards (D:4)
  4 kobolds
  2 rats (D:1)
147 creatures vanquished.

Vanquished Creatures (others)
  10 plants (D:4)
10 creatures vanquished.

Grand Total: 157 creatures vanquished

Notes
Turn   | Place    | Note
-------+----------+-------------------------------------------
     0 | D:1      | mortz the Draconian Conjurer began the quest for the Orb.
     0 | D:1      | Reached XP level 1. HP: 14/14 MP: 3/3
   736 | D:1      | Reached XP level 2. HP: 20/20 MP: 5/5
   802 | D:1      | Learned a level 2 spell: Searing Ray
   819 | D:1      | You fall into a shaft and drop 1 floor!
  1250 | D:2      | Reached XP level 3. HP: 26/26 MP: 6/6
  1565 | D:2      | Found a faded altar of an unknown god.
  1611 | D:2      | Reached skill level 5 in Conjurations
  1964 | D:3      | Reached XP level 4. HP: 33/33 MP: 8/8
  2285 | D:3      | Noticed Jessica
  2291 | D:3      | Killed Jessica
  2292 | D:3      | Reached XP level 5. HP: 38/38 MP: 9/9
  2553 | D:3      | Learned a level 4 spell: Iskenderun's Mystic Blast
  2559 | D:3      | Reached skill level 6 in Conjurations
  2738 | D:3      | Found a bloodstained altar of Trog.
  2954 | D:3      | Identified a scroll of acquirement
  2954 | D:3      | Acquired the -1 cloak of Ignis's Anger {Regen+ rCorr}
  3058 | D:4      | Noticed an ogre
  3062 | D:4      | Reached skill level 1 in Translocations
  3120 | D:4      | Reached XP level 6. HP: 39/45 MP: 8/11
  3577 | D:4      | Found Qavuequ's General Store.
  3977 | D:4      | Found a snail-covered altar of Cheibriados.
  4067 | D:4      | Found a white marble altar of Elyvilon.
  4343 | D:5      | Entered Level 5 of the Dungeon
  4428 | D:5      | Found a basalt altar of Yredelemnul.
  4545 | D:5      | Your scales start taking on a pale cyan-grey colour.
  4545 | D:5      | Reached XP level 7. HP: 50/50 MP: 12/12
  4545 | D:5      | Gained mutation: You are immune to the effects of steam.
                  | [Pale Draconian growth]
  4623 | D:5      | Found a shadowy altar of Dithmenos.
  4877 | D:5      | Reached skill level 7 in Conjurations
  5182 | D:4      | Bought a scroll of identify for 26 gold pieces
  5182 | D:4      | Bought the +1 Delatra's gloves {ID++} for 130 gold pieces
  5182 | D:4      | Found the +1 Delatra's gloves {ID++}
  5455 | D:6      | Found a stormy altar of Qazlal.
  5488 | D:6      | Learned a level 2 spell: Blink
  5710 | D:6      | Found a shimmering altar of Xom.
  5718 | D:6      | Reached XP level 8. HP: 57/57 MP: 14/14
  6062 | D:6      | Reached skill level 5 in Translocations
  6117 | D:6      | Reached skill level 8 in Conjurations
  6423 | D:7      | Reached skill level 5 in Spellcasting
  6508 | D:7      | Found a staircase to the Ecumenical Temple.
  6534 | Temple   | Entered the Ecumenical Temple
  6677 | D:7      | Found a shimmering blue altar of Sif Muna.
  6767 | D:7      | Noticed a skeletal warrior
  7027 | D:7      | Found a runed translucent door.
  7028 | D:7      | Noticed Crazy Yiuf
  7120 | D:7      | Noticed a two-headed ogre
  7121 | D:7      | Found a bloodstained altar of Trog.
  7121 | D:7      | Noticed croobank's ghost (novice OpSu)
  7123 | D:7      | Found a transporter.
  7132 | D:7      | Noticed a moth of wrath
  7141 | D:7      | Found a transporter.
  7419 | D:7      | Found an ornate altar of the Wu Jian Council.
  7428 | D:7      | Reached XP level 9. HP: 62/62 MP: 17/17
  7436 | D:7      | Reached skill level 9 in Conjurations
  7620 | D:7      | HP: 2/62 [skeletal warrior/+1 vorpal halberd (23)]
  7620 | D:7      | Mangled by a skeletal warrior

Illustrated notes

Levels and vault maps discovered:
D:1:      dpeg_arrival_castle, layout_loops_ring, serial_rivers,
          chequers_serial_rivers_large_a, chequers_serial_rivers_micro_e,
          chequers_serial_rivers_micro_d, chequers_serial_rivers_micro_c,
          nicolae_titane
D:2:      layout_rooms, ebering_ecumenical_altar_rust, serial_bayou_lagoon_a
D:3:      layout_loops_ring, trog_hazing_becter, uniq_jessica
D:4:      layout_layer_cave, nicolae_elyvilon_temple_path, slow_altar_1,
          serial_shops, nicolae_take_the_stairs, minmay_lizard_king
D:5:      layout_cave_pools, grunt_dithmenos_smoke_and_mirrors,
          mainiacjoe_overflow_alcove_1, chequers_mini_garden
D:6:      layout_loops_corners, mainiacjoe_overflow_six_doors_small,
          led_xom_imps
D:7:      layout_rooms, mainiacjoe_overflow_tiny_flanked,
          nicolae_wu_jian_wuxing_cycle, minmay_temple_entry_tees,
          gammafunk_ghost_wrathful_warriors, minmay_small_thing,
          uniq_crazy_yiuf_cottage
Temple:   nicolae_temple_stand_before_the_council

Skill      XL: |  1  2  3  4  5  6  7  8  9 |
---------------+----------------------------+-----
Conjurations   | 5 6 7 8 9 |  9.0
Spellcasting   | 3 4 5 |  5.4
Translocations | 1 2 4 6 |  6.7
Dodging        | |  1.7
Stealth        | |  1.7

Action                   |  1- 3 |  4- 6 |  7- 9 || total
-------------------------+-------+-------+-------++-------
Melee: Unarmed           |     4 |       |       ||     4
       Whip              |       |     4 |     2 ||     6
       Tailslap          |       |       |     1 ||     1
 Cast: Magic Dart        |    51 |    83 |    94 ||   228
       Searing Ray       |     3 |    19 |    22 ||    44
       Iskenderun's Myst |       |       |    11 ||    11
 Abil: Breathe Steam     |       |       |    23 ||    23
  Use: Scroll            |     1 |     8 |     5 ||    14
Armor: Skin              |     2 |     4 |     5 ||    11
Dodge: Dodged            |     6 |     8 |    12 ||    26
Block: Other             |       |     1 |     5 ||     6
